 Dungeon Crawl Stone Soup version 0.17.1-3-g152610e (webtiles) character file.

39 Romlok the Magician (level 3, 21/21 HPs)
             Began as an Octopode Wizard on Apr 12, 2016.
             Got out of the dungeon alive.
             The game lasted 00:15:39 (1413 turns).

Romlok the Magician (Octopode Wizard)               Turns: 1413, Time: 00:15:39

Health: 21/21      AC:  2    Str:  6    XL:     3   Next: 47%
Magic:  7/7        EV: 12    Int: 21    God:
Gold:   97         SH:  0    Dex: 10    Spells: 1 memorised, 7 levels left

rFire  . . .     SeeInvis .     l - -3 hand axe (curse)
rCold  . . .     Clarity  .     (no shield)
rNeg   . . .     SustAt   .     d - +1 hat
rPois  .         Gourm    .     (no amulet)
rElec  .         Spirit   .     (no ring)
rCorr  .         Warding  .     (no ring)
rMut   .         Stasis   .     (no ring)
MR     .....                    (no ring)
Stlth  +++.......               (no ring)
                                (no ring)
                                (no ring)
                                (no ring)

@: not resistant to hostile enchantments, fairly stealthy
A: almost no armour, amphibious, 8 rings, constrict 8, camouflage 1, gelatinous
body 1
a: no special abilities


You escaped.
You were not hungry.

You visited 1 branch of the dungeon, and saw 2 of its levels.

You collected 97 gold pieces.

Inventory:

Hand Weapons
 a - a +1 spear
 l - a cursed -3 hand axe (weapon)
Missiles
 k - 47 stones (quivered)
Armour
 d - a +1 hat (worn)
Wands
 o - a wand of heal wounds (4)
Scrolls
 e - 2 scrolls of teleportation {unknown}
 h - a scroll of magic mapping {unknown}
 m - 4 scrolls of identify {unknown}
 n - a scroll of enchant weapon
Potions
 g - 2 potions of curing
Books
 b - a book of Minor Magic

   Spells                             Type                      Level
   a - Magic Dart                     Conjuration                  1
   b - Blink                          Translocation                2
   c - Call Imp                       Summoning                    2
   d - Repel Missiles                 Charms/Air                   2
   e - Slow                           Hexes                        2
   f - Conjure Flame                  Conjuration/Fire             3
   g - Mephitic Cloud                 Conjuration/Poison/Air       3
Comestibles
 c - 3 bread rations
 f - a meat ration
 j - 6 chunks of flesh


   Skills:
 + Level 2.3 Dodging
 - Level 2.6 Stealth
 + Level 3.4 Spellcasting
 * Level 2.2 Conjurations
   Level 1.0 Summonings
   Level 1.0 Translocations


You had 7 spell levels left.
You knew the following spells:

 Your Spells              Type           Power        Failure   Level  Hunger
a - Magic Dart            Conj           ##..         6%          1    None


Dungeon Overview and Level Annotations

Branches:
Dungeon (2/15)

Altars:
Makhleb
Okawaru


Innate Abilities, Weirdness & Mutations

You cannot wear most types of armour.
You are amphibious.
You can wear up to eight rings at the same time.
You can use your tentacles to constrict eight enemies at once.
Your skin changes colour to match your surroundings (Stealth).
Your rubbery body absorbs attacks (AC +1).


Message History

Found a burning altar of Makhleb.
Found a leather armour.
Found an iron altar of Okawaru.
Your magical contamination has completely faded away.
Done exploring.
Magic restored.
You see here a whip.
You see here a robe.
A kobold comes into view.
You can't go up here!
There is a stone staircase leading up here.
You are feeling hungry.
You climb upwards.
There is a stone staircase leading down here.
Eating one of 8 chunks of flesh.
This raw flesh tastes terrible.
You continue eating. x2
There is an escape hatch in the floor here.
Some of the chunks of flesh in your inventory have rotted away.
There is a staircase leading out of the dungeon here.
Are you sure you want to leave the Dungeon?
This will make you lose the game!
You have escaped!

###.......###..#..#.#..#.#
#............#..#.##.#.#
###.......####.##.#.##.#.########
..............................>..
###.......####.......#.#.########
#..................#.#.# ##....
#.......#####......#.#.###.....
######### #####........#...⌠♣
#.@.####...###..♣♣♣ #...#
#.....#..⌠♣♣ #...# #.....#.[.♣⌠
#...# #.....#..... #...#
#.....##.... #...# #......####'
#...# #.........#. #...#
#........... #...####.........##


There were no monsters in sight!

Vanquished Creatures
  An adder (D:2)
  An ooze (D:1)
  A worm (D:2)
  7 bats
  A giant cockroach (D:1)
  2 hobgoblins (D:1)
  3 jackals (D:2)
  2 giant newts (D:1)
  3 kobolds
  A quokka (D:2)
  3 rats
25 creatures vanquished.

Notes
Turn   | Place    | Note
--------------------------------------------------------------
     0 | D:1      | Romlok the Octopode Wizard began the quest for the Orb.
     0 | D:1      | Reached XP level 1. HP: 11/11 MP: 4/4
   467 | D:1      | Reached XP level 2. HP: 17/17 MP: 0/6
   864 | D:2      | Reached XP level 3. HP: 21/21 MP: 0/7
  1311 | D:2      | Found a burning altar of Makhleb.
  1312 | D:2      | Found an iron altar of Okawaru.
  1413 | D:$      | Got out of the dungeon alive.

Action                   || total
-------------------------++-------
Melee: Short sword       ||    15
       Spear             ||     6
       Hand axe          ||     6
Throw: Stone             ||     2
 Cast: Magic Dart        ||    52
  Use: Scroll            ||     5
       Potion            ||     3
  Eat: Chunk             ||     2
